 Dungeon Crawl Stone Soup version 0.27.1 (webtiles) character file.

Game seed: 12983029901911956594

2614 H0rd4k the Summoner (level 9, -4/58 (62) HPs)
             Began as a Barachi Summoner on Aug 27, 2021.
             Was a Follower of Qazlal.
             Killed from afar by Josephine (30 damage)
             ... with a ghostly fireball
             ... on level 10 of the Dungeon.
             The game lasted 00:29:42 (13119 turns).

H0rd4k the Summoner (Barachi Summoner)             Turns: 13119, Time: 00:29:45

HP:   -4/58 (62)    AC:  3    Str: 11    XL:     9   Next: 60%
MP:   0/21          EV: 13    Int: 18    God:    Qazlal [*.....]
Gold: 446           SH:  1    Dex: 12    Spells: 16/24 levels left

rFire    + + .     SeeInvis .   m - staff of fire
rCold    x . .     Faith    .   (no shield)
rNeg     . . .     Spirit   +   a - +0 robe
rPois    .         Reflect  .   (no helmet)
rElec    .         Harm     .   x - scarf {shadows}
rCorr    .         Rampage  .   (no gloves)
Will     +....                  j - +0 pair of boots
Stlth    ++........             E - amulet of guardian spirit
HPRegen  0.19/turn              k - ring of fire
MPRegen  0.17/turn              F - ring of willpower

@: about to teleport, drained, slow
A: amphibious, slowness 1, strong legs 1, +LOS
a: Hop, Renounce Religion


You were on level 10 of the Dungeon.
You worshipped Qazlal.
Qazlal was aware of your devotion.
You visited 2 branches of the dungeon, and saw 11 of its levels.
You also visited: Ossuary.

You collected 446 gold pieces.

Inventory:

Hand Weapons
 C - a +6 glaive of flaming
 H - a +4 long sword
 I - a +0 dagger
Missiles
 v - 31 poisoned darts
 w - 6 atropa-tipped darts
 L - 4 datura-tipped darts
Armour
 a - a +0 robe (worn)
 j - a +0 pair of boots (worn)
 n - a scarf of invisibility
 x - a scarf of shadows (worn)
Magical Staves
 m - a staff of fire (weapon)
Jewellery
 k - a ring of fire (left hand)
 p - an amulet of the acrobat
 E - an amulet of guardian spirit (around neck)
 F - a ring of willpower (right hand)
Wands
 d - a wand of polymorph (5)
 t - a wand of iceblast (14)
 K - a wand of charming (2)
Scrolls
 c - a scroll of fog {unknown}
 g - 3 scrolls of vulnerability {unknown}
 h - a scroll of immolation {unknown}
 i - 4 scrolls of fear
 q - 2 scrolls of noise {unknown}
 r - 3 scrolls of magic mapping {unknown}
 s - 6 scrolls of amnesia
 u - 4 scrolls of enchant armour {unknown}
 y - a scroll of blinking {unknown}
 G - a scroll of holy word {unknown}
 N - a scroll of identify
Potions
 b - a potion of invisibility {unknown}
 e - 2 potions of curing
 f - 3 potions of ambrosia
 l - 2 potions of lignification
 z - a potion of flight {unknown}
 A - a potion of haste
 B - 2 potions of brilliance
 D - 2 potions of mutation
 J - a potion of resistance {unknown}
 M - a potion of cancellation {unknown}


   Skills:
 + Level 2.3 Fighting
 + Level 1.4 Staves
 + Level 4.3 Dodging
 - Level 1.7 Stealth
 + Level 1.0 Shields
 + Level 0.6 Unarmed Combat
 - Level 8.1 Spellcasting
 - Level 10.2 Summonings
 * Level 4.8 Air Magic
 + Level 0.8 Evocations


You had 16 spell levels left.
You knew the following spells:

 Your Spells              Type           Power      Damage    Failure   Level
a - Summon Small Mammal   Summ           100%       N/A       1%          1
b - Call Canine Familiar  Summ           44%        N/A       1%          3
c - Summon Lightning Spi  Summ/Air       34%        N/A       4%          4

Your spell library contained the following spells:

 Spells                   Type           Power      Damage    Failure   Level
 Call Imp                 Summ           44%        N/A       1%          2
 Shock                    Conj/Air       64%        1d7       3%          1
 Summon Guardian Golem    Hex/Summ       25%        N/A       3%          3
 Swiftness                Air            24%        N/A       4%          3
 Magic Dart               Conj           28%        1d4       10%         1
 Airstrike                Air            12%        N/A       13%         4
 Searing Ray              Conj           14%        3d3       14%         2
 Slow                     Hex            7%         N/A       14%         2
 Sublimation of Blood     Necr           3%         N/A       14%         2
 Wereblood                Tmut           7%         N/A       14%         2
 Confusing Touch          Hex            7%         N/A       28%         3
 Fulminant Prism          Conj/Hex       3%         3d6       67%         4
 Summon Hydra             Summ           22%        N/A       77%         7
 Yara's Violent Unravell  Hex/Tmut       3%         3d4       95%         5


Dungeon Overview and Level Annotations

Branches:
Dungeon (10/15)            Temple (1/1) D:6         Ossuary (visited)
   Lair: D:8-11         Orc: D:9-12

Altars:
Ashenzari
Cheibriados
Dithmenos
Elyvilon
Fedhas
Gozag
Hepliaklqana
Kikubaaqudgha
Okawaru
Qazlal
Ru
Sif Muna
Trog
Uskayaw
Wu Jian
Xom
Yredelemnul
Zin
The Shining One

Annotations:
D:3 Grinder
D:6 exclusion: downstairs
D:7 Harold
D:8 exclusion: downstairs
D:9 Erolcha
D:10 Josephine


Innate Abilities, Weirdness & Mutations

You are amphibious.
You cover ground slowly.
You can hop short distances.
You have an extended range of vision and can be seen from far away.


Message History

Your hound bites the wraith.
Your quokka barely misses the wraith.
The wraith misses your quokka.
Your hound bites the wraith.
The wraith is destroyed!
Qazlal accepts your kill.
Unknown command.
Josephine the Decaying Necromancer comes into view.
She is wielding a +0 dagger.
You swap places.
Your hound is engulfed in freezing vapours.
You kill your hound!
Your hound's corpse disappears in a puff of smoke!
You closely miss Josephine. You punch Josephine.
Josephine is lightly wounded.
Josephine hits you with a +0 dagger.
A wraith comes into view.
Josephine hits you with a +0 dagger!
* * * LOW HITPOINT WARNING * * *
Okay, then.
Unknown command.
As you read the scroll of teleportation, it crumbles to dust.
You feel strangely unstable.
Your quokka bites Josephine.
Josephine barely misses you.
Unknown command.
Okay, then.
Unknown command.
Okay, then.
Unknown command.
Your quokka bites Josephine. x2; The wraith closely misses your quokka.
A wraith comes into view.
Your quokka bites Josephine.
Your quokka bites Josephine but does no damage.
Unknown command.
You feel better.
You are ready to hop once more.
Your quokka bites Josephine.
Josephine points at you and mumbles some strange words.
The ghostly flame explodes!
The ghostly fireball engulfs you!!
You feel drained.
Ouch! That really hurt!
You die...

#.#.. #.#.#
#.#.# #.#c#
#.#.# #c..#
#.###
#)#######.###
#WW@@........
#.rr......###
#............
#############


You could see Josephine (ally target), 2 wraiths and 2 friendly quokkas.

Vanquished Creatures
  Pikel (D:6)
  A sky beast (D:6)
  A centaur (D:10)
  A gnoll (D:6)
  A giant cockroach (D:1)
  2 goblins (D:1)
  A kobold (D:1)
8 creatures vanquished.

Vanquished Creatures (collateral kills)
  Maggie (D:8)
  Prince Ribbit (D:6)
  Sigmund (D:6)
  2 wraiths
  A wyvern (D:8)
  Grum (D:9)
  Menkaure (D:6)
  An orc warrior (D:8)
  2 black bears
  6 ogres
  4 necrophages
  A centaur (D:9)
  2 wolves (D:9)
  A phantom (D:4)
  4 lemures (D:6)
  2 kobold brigands
  A scorpion (D:4)
  A gnoll sergeant (D:9)
  A water moccasin skeleton (D:6)
  5 killer bees (D:8)
  3 wights (D:8)
  A howler monkey (D:6)
  2 centaur zombies
  A bullfrog zombie (D:5)
  A jelly (D:6)
  4 hounds
  2 orc priests
  2 iguanas
  An iron imp (D:3)
  2 orc wizards
  A hound skeleton (D:4)
  3 mummies (Ossuary)
  A howler monkey zombie (D:5)
  6 adders
  7 gnolls
  A howler monkey skeleton (D:6)
  A shadow imp (D:7)
  An adder skeleton (D:4)
  2 worms
  3 dart slugs
  24 orcs
  6 endoplasms
  3 giant cockroaches
  A gnoll zombie (Ossuary)
  6 goblins
  4 hobgoblins
  2 quokkas
  7 ball pythons
  3 bats
  A frilled lizard (D:1)
  A goblin zombie (Ossuary)
  3 hobgoblin zombies (Ossuary)
  9 kobolds
  5 kobold zombies (Ossuary)
  6 rats
165 creatures vanquished.

Vanquished Creatures (others)
  5 plants
5 creatures vanquished.

Grand Total: 178 creatures vanquished

Notes
Turn   | Place    | Note
-------+----------+-------------------------------------------
     0 | D:1      | H0rd4k the Barachi Summoner began the quest for the Orb.
     0 | D:1      | Reached XP level 1. HP: 13/13 MP: 3/3
   300 | D:1      | Found a faded altar of an unknown god.
   305 | D:1      | Reached skill level 5 in Summonings
   653 | D:1      | Reached XP level 2. HP: 19/19 MP: 0/5
  2280 | D:3      | Found an ornate altar of the Wu Jian Council.
  2399 | D:3      | Reached XP level 3. HP: 24/24 MP: 0/7
  2403 | D:3      | Learned a level 3 spell: Call Canine Familiar
  2826 | D:3      | Found a snail-covered altar of Cheibriados.
  2872 | D:4      | Found a hazy altar of Hepliaklqana.
  2872 | D:4      | Found a blossoming altar of Fedhas.
  3531 | D:3      | Reached XP level 4. HP: 30/30 MP: 6/8
  3823 | D:3      | Reached skill level 6 in Summonings
  4389 | D:3      | Noticed Grinder
  4397 | D:4      | Noticed an ogre
  4403 | D:4      | Found a shimmering blue altar of Sif Muna.
  4700 | D:4      | Noticed a scorpion
  4717 | D:4      | Killed a scorpion
  4718 | D:4      | Reached XP level 5. HP: 6/35 MP: 4/10
  4918 | D:4      | Noticed a necrophage
  4929 | D:4      | Killed a necrophage
  5030 | D:4      | Killed an ogre
  5031 | D:4      | Reached skill level 7 in Summonings
  5031 | D:4      | Reached XP level 6. HP: 41/41 MP: 6/12
  5110 | D:4      | Found a bloodstained altar of Trog.
  5467 | D:4      | Noticed a necrophage
  5468 | D:4      | Noticed a necrophage
  5480 | D:4      | Killed a necrophage
  5481 | D:4      | Reached skill level 5 in Spellcasting
  5489 | D:4      | Killed a necrophage
  5851 | D:5      | Entered Level 5 of the Dungeon
  5857 | D:5      | Noticed a black bear
  5878 | D:4      | Reached XP level 7. HP: 11/46 MP: 4/15
  6652 | D:5      | Reached skill level 8 in Summonings
  7309 | D:6      | Found an opulent altar of Gozag.
  7387 | D:6      | Found a staircase to the Ecumenical Temple.
  7427 | D:6      | Noticed Pikel
  7635 | D:6      | Killed Pikel
  7636 | D:6      | Reached skill level 9 in Summonings
  7636 | D:6      | Reached XP level 8. HP: 24/53 MP: 3/18
  7744 | D:6      | Found a sand-covered staircase.
  7753 | Ossuary  | Entered an ossuary
  7753 | Ossuary  | Noticed a wraith
  7753 | Ossuary  | Noticed a wraith
  7753 | Ossuary  | Noticed a wraith
  8444 | Ossuary  | Noticed a wraith
  8457 | Ossuary  | Killed a wraith
  8778 | Temple   | Entered the Ecumenical Temple
  8994 | Temple   | Became a worshipper of Qazlal Stormbringer
  9039 | D:6      | Identified the +3 ring mail of Fupicziowk {Dex+4 SInv}
  9117 | D:6      | Noticed Prince Ribbit
  9157 | D:6      | Killed Prince Ribbit
  9253 | D:6      | Noticed Menkaure
  9253 | D:6      | Noticed Sigmund
  9264 | D:6      | Killed Menkaure
  9265 | D:6      | Reached skill level 10 in Summonings
  9270 | D:6      | Killed Sigmund
 10161 | D:7      | Noticed Harold
 10173 | D:8      | Learned a level 4 spell: Summon Lightning Spire
 10301 | D:8      | Reached XP level 9. HP: 29/58 MP: 7/21
 10496 | D:8      | Reached skill level 1 in Air Magic
 10916 | D:8      | Reached skill level 1 in Fighting
 11558 | D:8      | Reached * piety under Qazlal
 11642 | D:8      | Noticed Maggie
 11652 | D:8      | Killed Maggie
 11896 | D:9      | Found a sacrificial altar of Ru.
 11928 | D:9      | Reached skill level 1 in Staves
 12042 | D:9      | Noticed a troll
 12669 | D:9      | Noticed Erolcha
 12933 | D:9      | Noticed Grum
 12942 | D:9      | Killed Grum
 12967 | D:9      | Reached skill level 1 in Shields
 13097 | D:10     | Entered Level 10 of the Dungeon
 13114 | D:10     | Noticed Josephine
 13119 | D:10     | Killed from afar by Josephine

Illustrated notes

Levels and vault maps discovered:
D:1:      dpeg_arrival_round_a, layout_loops_cross, serial_forest,
          infiniplex_forest_straight_2, infiniplex_forest_straight_4,
          infiniplex_forest_join, infiniplex_forest_lined_1,
          ebering_ecumenical_altar_box
D:2:      layout_loops_ring, minmay_tromino_v2
D:3:      layout_loops_ring, slow_altar_1, overflow_temple_1_default,
          serial_forest, infiniplex_forest_clump_long,
          infiniplex_forest_clump_double, infiniplex_forest_lined_3_way,
          infiniplex_forest_side_room, infiniplex_forest_lined_4_way,
          infiniplex_forest_straight_2, infiniplex_forest_straight_5,
          uniq_grinder
D:4:      layout_cave_pools, nicolae_overflow_quartered_altars,
          small_statue_intersection, kennysheep_generic_room_14
D:5:      layout_cave_pools
D:6:      layout_loops_ring, mainiacjoe_overflow_alcove_1,
          minmay_temple_entry_grid, lightli_ossuary_entry_decrepit_ruins,
          kennysheep_generic_room_9, uniq_prince_ribbit1, uniq_pikel,
          uniq_menkaure, uniq_sigmund
D:7:      layout_gridville, uniq_harold
D:8:      layout_cave_pools, uniq_maggie
D:9:      minmay_blocky_corners, layout_long_grid, lemuel_crystal_altar,
          uniq_erolcha, uniq_grum
D:10:     layout_basic, mainiacjoe_overflow_small_starburst,
          nemelex_xobeh_ov_fountains_minmay, bloody_makhleb, lair_entry_dummy,
          serial_shops, nicolae_shop_temple_entry_statues_fountains,
          nicolae_square_shop, nicolae_take_the_stairs,
          nicolae_shop_statue_plus, shop, nicolae_shop_overcharged_wands,
          uniq_josephine, uniq_erica
Temple:   grunt_temple_mini_profane

Skill      XL: |  1  2  3  4  5  6  7  8  9 |
---------------+----------------------------+-----
Summonings     | 5 6 7 9 10 | 10.2
Spellcasting   | 3 4 5 7 8 |  8.1
Air Magic      | 4 |  4.8
Fighting       | 2 |  2.3
Dodging        | 4 |  4.3
Staves         | 1 |  1.4
Shields        | 1 |  1.0
Stealth        | |  1.7
Unarmed Combat | |  0.6
Evocations     | |  0.8

Action                   |  1- 3 |  4- 6 |  7- 9 || total
-------------------------+-------+-------+-------++-------
Melee: Unarmed           |    23 |    21 |       ||    44
       Staff             |       |       |    36 ||    36
       Punch             |       |       |     1 ||     1
 Cast: Summon Small Mamm |   115 |    73 |   212 ||   400
       Call Canine Famil |     4 |    21 |    68 ||    93
       Summon Lightning  |       |       |     1 ||     1
 Abil: Hop               |       |     2 |     8 ||    10
Evoke: Wand              |       |       |    11 ||    11
  Use: Scroll            |       |     3 |    16 ||    19
       Potion            |       |     1 |     4 ||     5
 Stab: Distracted        |       |     1 |       ||     1
Armor: Robe              |    11 |    12 |    17 ||    40
Dodge: Dodged            |    41 |    51 |   115 ||   207
Block: Other             |       |       |     3 ||     3
